 Dungeon Crawl Stone Soup version 0.21.1-1-g345015fe64 (webtiles) character file.

938 JOKERXD40 the Cleaver (level 8, 0/70 HPs)
             Began as a Hill Orc Monk on June 15, 2018.
             Was a Believer of Beogh.
             Slain by an orc warrior
             ... wielding a +0 broad axe
              (12 damage)
             ... on level 4 of the Dungeon.
             The game lasted 00:13:32 (3747 turns).

JOKERXD40 the Cleaver (Hill Orc Monk)               Turns: 3747, Time: 00:13:33

Health: 0/70       AC: 13    Str: 16    XL:     8   Next: 12%
Magic:  8/8        EV:  9    Int: 15    God:    Beogh [**....]
Gold:   172        SH:  0    Dex: 13    Spells: 7/7 levels left

rFire    . . .     SeeInvis .   t - +0 war axe
rCold    . . .     Gourm    .   (no shield)
rNeg     . . .     Faith    .   r - +0 chain mail
rPois    .         Spirit   .   p - +2 helmet
rElec    .         Reflect  .   (no cloak)
rCorr    .         Harm     .   (no gloves)
MR       .....                  m - +0 pair of boots
Stlth    ..........             (no amulet)
HPRegen  0.21/turn              s - +5 ring of intelligence
MPRegen  0.11/turn              u - +1 ring of evasion

@: no status effects
A: no striking features
a: Smiting, Renounce Religion


You were on level 4 of the Dungeon.
You worshipped Beogh.
Beogh was pleased with you.
You were not hungry.

You visited 1 branch of the dungeon, and saw 4 of its levels.
You also visited: Sewer.

You collected 172 gold pieces.

Inventory:

Hand Weapons
 a - a +0 hand axe
 t - a +0 war axe (weapon)
Armour
 m - a +0 pair of boots (worn)
 n - a +0 ring mail
 p - a +2 helmet (worn)
 r - a +0 chain mail (worn)
Jewellery
 s - a +5 ring of intelligence (left hand)
 u - a +1 ring of evasion (right hand)
Scrolls
 d - a scroll of identify
 g - 3 scrolls of fear
 l - a scroll of enchant weapon {unknown}
 o - a scroll of remove curse {unknown}
 q - a scroll of amnesia {unknown}
 w - a scroll of teleportation
 y - a scroll of magic mapping {unknown}
Potions
 b - a potion of might {unknown}
 e - a potion of degeneration {unknown}
 f - 2 potions of mutation {unknown}
 h - a potion of lignification {unknown}
 i - a potion of cancellation
 j - a potion of curing {unknown}
 k - a potion of heal wounds {unknown}
 v - a potion of agility {unknown}
 x - a potion of brilliance {unknown}
Comestibles
 c - 5 rations


   Skills:
 + Level 6.0 Fighting
 + Level 8.9 Axes
 + Level 4.3 Armour
 + Level 3.2 Dodging
 + Level 2.4 Stealth


You had 7 spell levels left.
You didn't know any spells.

Dungeon Overview and Level Annotations

Branches:
Dungeon (4/15)
 Temple: D:4-7

Altars:
Hepliaklqana
Okawaru


Message History

The orc warrior is heavily wounded.
The orc warrior hits you with a broad axe!
* * * LOW HITPOINT WARNING * * *
You slash the orc warrior!
The orc warrior is severely wounded.
You closely miss the orc warrior.
The orc warrior is severely wounded.
The orc warrior completely misses you.
Your chain mail prevents you from hitting the orc warrior.
The orc warrior is severely wounded.
The orc warrior barely misses you.
You hit the orc warrior but do no damage.
The orc warrior is severely wounded.
The orc warrior hits you with a broad axe!
* * * LOW HITPOINT WARNING * * *
You closely miss the orc warrior.
The orc warrior is severely wounded.
The orc warrior hits you with a broad axe!
You die...
Beogh appreciates the orc warrior's killing of a heretic priest.

#................<)...
#...##########...####.
#.#.# # #..## #. #.#.#
.## #..# ## #.#.# ##..
.#..# #
#.#.##...##.##.## #
#...#..#8..# #.# ###
#..?#.o..8.###.# #..
#...(@.(....##.# ###.#
#...#..###..##.###...#
#.()#.### #..#.#...###
#.#.###.####...#.###
#.#.##.....###.#.#####
#.#..................#
######.##.............
#................
###..............


You could see an orc warrior.

Vanquished Creatures
  Pikel (D:4)
  A phantom (D:3)
  A crocodile (Sewer)
  A howler monkey (D:4)
  A centaur skeleton (D:4)
  An orc wizard (D:4)
  2 worker ants (D:4)
  7 adders
  A howler monkey skeleton (D:4)
  An ooze (D:4)
  2 worms (D:2)
  4 leopard geckos
  6 orcs
  6 giant cockroaches
  6 goblins
  6 hobgoblins
  2 jackals (Sewer)
  A quokka (D:4)
  2 ball pythons (D:3)
  A ball python zombie (D:2)
  8 bats
  4 frilled lizards
  7 kobolds
  13 rats
85 creatures vanquished.

Vanquished Creatures (others)
  A leopard gecko (D:4)
1 creature vanquished.

Grand Total: 86 creatures vanquished

Notes
Turn   | Place    | Note
-------+----------+-------------------------------------------
     0 | D:1      | JOKERXD40 the Hill Orc Monk began the quest for the Orb.
     0 | D:1      | Reached XP level 1. HP: 19/19 MP: 1/1
   373 | D:1      | Reached XP level 2. HP: 27/27 MP: 2/2
   651 | D:2      | Reached XP level 3. HP: 23/33 MP: 3/3
   776 | D:2      | Found an iron altar of Okawaru.
  1504 | D:3      | Reached XP level 4. HP: 24/40 MP: 4/4
  1507 | D:3      | Reached skill level 5 in Axes
  1712 | D:3      | Reached skill level 1 in Armour
  1724 | D:3      | Noticed a phantom
  1762 | D:3      | Killed a phantom
  1762 | D:3      | Reached XP level 5. HP: 20/47 MP: 5/5
  1974 | D:3      | Found a hazy altar of Hepliaklqana.
  2424 | D:4      | Reached skill level 6 in Axes
  2424 | D:4      | Reached XP level 6. HP: 46/53 MP: 6/6
  2457 | D:4      | Noticed Pikel
  2458 | D:4      | Noticed a slave
  2461 | D:4      | Noticed a slave
  2461 | D:4      | Noticed a slave
  2465 | D:4      | Noticed a slave
  2796 | D:4      | Noticed an orc warrior
  2817 | D:4      | Reached skill level 5 in Fighting
  3055 | D:4      | Found a glowing drain.
  3079 | Sewer    | Entered a sewer
  3143 | Sewer    | Reached skill level 7 in Axes
  3552 | D:4      | Reached XP level 7. HP: 58/61 MP: 7/7
  3622 | D:4      | Killed Pikel
  3622 | D:4      | Reached skill level 8 in Axes
  3622 | D:4      | Reached XP level 8. HP: 55/70 MP: 8/8
  3681 | D:4      | Became a worshipper of Beogh the Brigand
  3681 | D:4      | Reached * piety under Beogh
  3681 | D:4      | Reached ** piety under Beogh
  3747 | D:4      | Slain by an orc warrior

Skill      XL: |  1  2  3  4  5  6  7 |
---------------+----------------------+-----
Fighting       | 4 5 6 |  6.0
Axes           | 5 6 7 8 |  8.9
Armour         | 2 3 4 |  4.3
Dodging        | 3 |  3.2
Stealth        | 2 |  2.4

Action                   |  1- 3 |  4- 6 |  7- 9 || total
-------------------------+-------+-------+-------++-------
Melee: Hand axe          |   128 |   176 |       ||   304
       War axe           |       |    60 |    47 ||   107
Invok: Convert to Beogh  |       |       |     1 ||     1
  Use: Scroll            |     2 |     7 |       ||     9
       Potion            |       |     1 |       ||     1
 Stab: Sleeping          |     3 |       |       ||     3
  Eat: Chunk             |     2 |     3 |       ||     5
       Ration            |       |     1 |     1 ||     2
Armor: Robe              |    12 |       |       ||    12
       Leather armour    |    11 |     1 |       ||    12
       Ring mail         |       |    33 |       ||    33
       Chain mail        |       |    89 |    23 ||   112
Dodge: Dodged            |   100 |   130 |    13 ||   243
